 Dungeon Crawl Stone Soup version 0.28.0-43-g3370ac3207 (webtiles) character file.

Game seed: 13350900746176287042

830 raph the Carver (level 7, -10/57 HPs)
             Began as a Minotaur Cinder Acolyte on Mar 21, 2022.
             Was a Priest of Ignis.
             Mangled by an orc warrior
             ... wielding a +0 scimitar
              (12 damage)
             ... on level 5 of the Dungeon.
             The game lasted 00:06:59 (6147 turns).

raph the Carver (Minotaur Cinder Acolyte)           Turns: 6147, Time: 00:07:00

Health: -10/57     AC: 19    Str: 18    XL:     7   Next: 65%
Magic:  0/7        EV:  6    Int: 11    God:    Ignis [***...]
Gold:   243        SH:  0    Dex: 10    Spells: 8/8 levels left

rFire   + + .      SeeInvis .   a - +8 great sword "Luhuevetrikk" {vorpal, rF+ Dex+2}
rCold   + . .      Faith    .   (shield currently unavailable)
rNeg    . . .      Spirit   +   t - +2 chain mail {rC+}
rPois   .          Reflect  .   (helmet restricted)
rElec   .          Harm     .   r - +0 cloak
rCorr   .          Rampage  .   (no gloves)
Will    .....                   e - +0 pair of boots
Stlth   ..........              d - amulet of guardian spirit
HPRegen 0.19/turn               (no ring)
MPRegen 0.10/turn               (no ring)

@: fiery-armoured
A: horns 2, retaliatory headbutt
a: Renounce Religion, Fiery Armour, Foxfire Swarm, Rising Flame


You were on level 5 of the Dungeon.
You worshipped Ignis.
Ignis was most pleased with you.
You visited 1 branch of the dungeon, and saw 6 of its levels.

You collected 243 gold pieces.

Inventory:

Hand Weapons
 a - the +8 great sword "Luhuevetrikk" (weapon) {vorpal, rF+ Dex+2}
   (You found it on level 4 of the Dungeon)

   It inflicts extra damage upon your enemies.
   Dex:       It affects your dexterity (+2).
   rF:        It protects you from fire.
 b - a +0 falchion of flaming
 i - a +0 hunting sling
Missiles
 j - 73 stones
 n - 5 javelins (quivered)
 q - 9 poisoned darts
Armour
 e - a +0 pair of boots (worn)
 h - a +0 leather armour
 k - a +3 leather armour
 m - a +0 crystal plate armour
 r - a +0 cloak (worn)
 t - a +2 chain mail of cold resistance (worn)
 w - a +0 robe
Jewellery
 d - an amulet of guardian spirit (around neck)
Wands
 l - a wand of flame (6)
 s - a wand of digging (5)
Scrolls
 f - 2 scrolls of immolation
Potions
 c - 2 potions of flight
 g - a potion of lignification
 p - a potion of attraction
 v - a potion of brilliance {unknown}
 x - a potion of heal wounds {unknown}


   Skills:
 - Level 3.6 Fighting
 + Level 11.0 Long Blades
 - Level 1.0 Spellcasting
 - Level 2.1 Fire Magic


You had 8 spell levels left.
You didn't know any spells.
Your spell library contained the following spells:

 Spells                   Type           Power      Damage    Failure   Level
 Scorch                   Fire           10%        2d6       97%         2
 Beastly Appendage        Tmut           0%         N/A       99%         1
 Slow                     Hex            0%         N/A       99%         1
 Wereblood                Tmut           0%         N/A       100%        2
 Confusing Touch          Hex            0%         N/A       100%        3
 Spider Form              Tmut/Pois      0%         N/A       100%        3
 Summon Guardian Golem    Hex/Summ       0%         N/A       100%        3
 Vampiric Draining        Necr           0%         2d6       100%        3
 Orb of Destruction       Conj           0%         9d5       100%        7
 Spellforged Servitor     Conj/Summ      0%         N/A       100%        7


Dungeon Overview and Level Annotations

Branches:
Dungeon (6/15)
 Temple: D:4-7

Altars:
Wu Jian


Innate Abilities, Weirdness & Mutations

You have a pair of horns on your head.
You reflexively headbutt those who attack you in melee.


Message History

The orc warrior is lightly wounded.
The foxfire hits the orc warrior but does no damage.
The orc warrior is lightly wounded.
The foxfire hits the orc warrior but does no damage.
The orc warrior is lightly wounded.
The foxfire hits the orc warrior but does no damage.
The orc warrior is lightly wounded.
The foxfire hits the orc warrior but does no damage.
The orc warrior is lightly wounded.
You closely miss the orc priest. You headbutt the orc priest.
The orc priest is heavily wounded.
The foxfire hits the orc warrior but does no damage.
The orc warrior is lightly wounded.
The orc priest invokes the aid of Beogh against you.
Beogh smites you!
You barely miss the orc priest.
The orc priest is heavily wounded.
The orc warrior hits you with a +0 scimitar!
The orc priest hits you but does no damage.
The orc priest mumbles some strange prayers to Beogh against you.
Beogh smites you!
The orc warrior hits you with a +0 scimitar!
* * * LOW HITPOINT WARNING * * *
The orc priest hits you with a +0 flail.
* * * LOW HITPOINT WARNING * * *
The orc priest hits you but does no damage.
You climb upwards.
There is a stone staircase leading down here.
The orc priest calls upon Beogh to heal the orc warrior.
The orc warrior's wounds heal themselves!
The orc priest mumbles some strange prayers to Beogh against you.
Pain shoots through your body!
* * * LOW HITPOINT WARNING * * *
A protective cloak of flame settles atop you.
The orc priest casts a cantrip, but nothing happens.
The orc priest mumbles some strange prayers to Beogh against you.
Pain shoots through your body!
* * * LOW HITPOINT WARNING * * *
The orc warrior hits you with a +0 scimitar!
You die...

##### #...# #..[#
######### #...#
#.......#
#...#########.#####.#
########...##........#
#.####
............'......o>#
#....#
###........##...@o.o##
####.#
#........##.......#
#....#
#..[..#####.......#
##.### #######
######### ####.#
#....# ##########.####
##### #........#.#
#...# #....###.#.#
#...# #....'.#...#


You could see an orc warrior and 2 orc priests.

Vanquished Creatures
  Pargi (D:3)
  A necrophage (D:5)
  An ogre (D:5)
  A scorpion (D:5)
  A jelly (D:5)
  A bullfrog zombie (D:3)
  A hound (D:4)
  Crazy Yiuf (D:3)
  A gnoll shaman (D:6)
  A centaur skeleton (D:5)
  Ijyb (D:3)
  Terence (D:2)
  A hound skeleton (D:5)
  8 gnolls
  8 adders
  An ufetubus (D:6)
  An adder skeleton (D:4)
  2 dart slugs
  6 orcs
  6 bats
  7 endoplasms
  A giant cockroach (D:4)
  3 goblins
  9 hobgoblins
  7 jackals
  7 kobolds
  6 quokkas
  5 ball pythons
  3 frilled lizards
  4 rats
97 creatures vanquished.

Vanquished Creatures (collateral kills)
  A goblin (D:3)
1 creature vanquished.

Vanquished Creatures (others)
  6 foxfires (D:6)
  5 fungi (D:6)
  4 toadstools (D:1)
15 creatures vanquished.

Grand Total: 113 creatures vanquished

Notes
Turn   | Place    | Note
-------+----------+-------------------------------------------
     0 | D:1      | raph the Minotaur Cinder Acolyte began the quest for the
                  | Orb.
     0 | D:1      | Reached XP level 1. HP: 19/19 MP: 1/1
    51 | D:1      | Reached skill level 4 in Long Blades
   265 | D:1      | Reached XP level 2. HP: 26/26 MP: 2/2
   764 | D:1      | Reached skill level 5 in Long Blades
  1083 | D:2      | Reached XP level 3. HP: 17/31 MP: 3/3
  1859 | D:2      | Noticed Terence
  1865 | D:2      | Killed Terence
  1866 | D:2      | Reached skill level 6 in Long Blades
  1866 | D:2      | Reached XP level 4. HP: 23/39 MP: 4/4
  2134 | D:2      | You fall into a shaft and drop 2 floors!
  2559 | D:2      | Found a faded altar of an unknown god.
  2881 | D:3      | Noticed Pargi
  2890 | D:3      | Killed Pargi
  2891 | D:3      | Reached skill level 7 in Long Blades
  2891 | D:3      | Reached XP level 5. HP: 40/45 MP: 5/5
  3015 | D:3      | Reached skill level 8 in Long Blades
  3161 | D:3      | Reached XP level 6. HP: 50/51 MP: 6/6
  3531 | D:3      | Found a runed translucent door.
  3532 | D:3      | Noticed Crazy Yiuf
  3539 | D:3      | Killed Crazy Yiuf
  3608 | D:3      | Noticed Ijyb
  3622 | D:3      | Killed Ijyb
  4214 | D:4      | Reached skill level 9 in Long Blades
  4751 | D:4      | Identified the +8 great sword "Luhuevetrikk" {vorpal, rF+
                  | Dex+2}
  4770 | D:5      | Entered Level 5 of the Dungeon
  5006 | D:5      | Reached XP level 7. HP: 57/57 MP: 7/7
  5042 | D:5      | Reached skill level 10 in Long Blades
  5352 | D:5      | Found an ornate altar of the Wu Jian Council.
  5786 | D:6      | Reached skill level 11 in Long Blades
  6146 | D:5      | HP: 2/57 [orc priest/nerve-wracking pain (10)]
  6147 | D:5      | Mangled by an orc warrior

Illustrated notes

Levels and vault maps discovered:
D:1:      ldierk_walled_garden_2, layout_basic, minivault_24
D:2:      layout_loops_cross, dreamdust_ecumenical_altar_angels_and_demons,
          uniq_terence
D:3:      layout_basic, uniq_ijyb, uniq_crazy_yiuf_cottage, uniq_pargi
D:4:      layout_basic, serial_bayou_pond_b
D:5:      layout_basic, mainiacjoe_overflow_six_doors_small
D:6:      kennysheep_steamy, layout_loops_ring,
          mainiacjoe_overflow_tiny_flanked, serial_shops,
          nicolae_shop_hallway_stairs

Skill      XL: |  1  2  3  4  5  6  7 |
---------------+----------------------+-----
Long Blades    | 4 5 6 7 8 9 11 | 11.0
Fighting       | |  3.6
Spellcasting   | |  1.0
Fire Magic     | |  2.1

Action                   |  1- 3 |  4- 6 |  7- 9 || total
-------------------------+-------+-------+-------++-------
Melee: Falchion          |    80 |   130 |       ||   210
       Headbutt          |     9 |    15 |     5 ||    29
       Great sword       |       |     4 |    32 ||    36
       Punch             |       |     1 |       ||     1
Invok: Fiery Armour      |     1 |     2 |     1 ||     4
       Foxfire Swarm     |       |       |     1 ||     1
  Use: Scroll            |       |     8 |     4 ||    12
       Potion            |       |       |     1 ||     1
Armor: Robe              |    12 |       |       ||    12
       Leather armour    |     4 |    61 |     4 ||    69
       Chain mail        |       |     1 |     3 ||     4
       Crystal plate arm |       |       |     8 ||     8
Dodge: Dodged            |    33 |    93 |     3 ||   129
